 Dungeon Crawl Stone Soup version 0.26.1-11-gd32895ea62 (webtiles) character file.

Game seed: 4114665731036766518

2160 raph the Geomancer (level 9, -12/48 HPs)
             Began as a Gargoyle Earth Elementalist on June 20, 2021.
             Was a Follower of Kikubaaqudgha.
             Mangled by a two-headed ogre
             ... wielding a +0 giant club
              (14 damage)
             ... on level 8 of the Dungeon.
             The game lasted 00:17:59 (7338 turns).

raph the Geomancer (Gargoyle Earth Elementalist)    Turns: 7338, Time: 00:18:00

Health: -12/48     AC: 19    Str: 12    XL:     9   Next: 31%
Magic:  13/13      EV: 11    Int: 19    God:    Kikubaaqudgha [*.....]
Gold:   428        SH:  0    Dex: 10    Spells: 2/14 levels left

rFire    . . .     SeeInvis .   D - +4 battleaxe (freeze)
rCold    . . .     Faith    .   (shield currently unavailable)
rNeg     + . .     Spirit   .   C - +1 swamp dragon scales
rPois    ∞         Reflect  .   r - +1 helmet
rElec    +         Harm     .   n - +1 cloak
rCorr    .         Rampage  .   (no gloves)
Will     .....                  (no boots)
Stlth    +.........             (no amulet)
HPRegen  0.16/turn              t - ring of wizardry
MPRegen  0.13/turn              (no ring)

@: hasted, very quick
A: negative energy resistance 1, electricity resistance, unbreathing,
petrification resistance, miasma immunity, AC +6
a: Renounce Religion, Receive Corpses


You were on level 8 of the Dungeon.
You worshipped Kikubaaqudgha.
Kikubaaqudgha was aware of your devotion.
You visited 2 branches of the dungeon, and saw 9 of its levels.

You collected 428 gold pieces.

Inventory:

Hand Weapons
 l - a +1 mace
 y - a +3 dire flail
 B - a +2 war axe of pain
 D - a +4 battleaxe of freezing (weapon)
 E - a cursed +3 battleaxe
Missiles
 p - a throwing net
 q - 5 javelins
 s - 81 stones
Armour
 c - a +0 robe
 n - a +1 cloak (worn)
 r - a +1 helmet (worn)
 C - +1 swamp dragon scales (worn)
 F - a +0 buckler
Jewellery
 t - a ring of wizardry (left hand)
 w - an uncursed ring of ice
Wands
 m - a wand of flame (47)
 u - a wand of iceblast (8)
 v - a wand of paralysis (5)
 A - a wand of disintegration (2)
Scrolls
 a - 3 scrolls of teleportation
 b - a scroll of enchant weapon
 g - 3 scrolls of identify
 i - 4 scrolls of immolation
 j - 2 scrolls of fear
 k - 3 scrolls of remove curse
Potions
 d - a potion of brilliance
 e - 3 potions of cancellation
 f - 2 potions of curing
 h - a potion of haste
 o - a potion of mutation
 x - 2 potions of flight
 z - a potion of might


   Skills:
 + Level 2.2 Fighting
 * Level 2.8 Axes
 + Level 2.1 Armour
 + Level 2.4 Dodging
 - Level 2.1 Stealth
 + Level 3.0 Spellcasting
 + Level 0.0 Necromancy
 - Level 0.7 Transmutations
 - Level 12.6 Earth Magic


You had 2 spell levels left.
You knew the following spells:

 Your Spells              Type           Power        Failure   Level
a - Sandblast             Erth           100%         1%          1
b - Passwall              Tmut/Erth      23%          1%          2
c - Stone Arrow           Conj/Erth      52%          3%          3
d - Lee's Rapid Deconstr  Erth           25%          2%          5
e - Animate Skeleton      Necr           4%           13%         1

Your spell library contained the following spells:

 Spells                   Type           Power        Failure   Level
 Pain                     Necr           8%           13%         1
 Corpse Rot               Necr/Air       N/A          21%         2
 Petrify                  Tmut/Erth      28%          9%          4
 Vampiric Draining        Necr           1%           36%         3


Dungeon Overview and Level Annotations

Branches:
Dungeon (8/15)             Temple (1/1) D:7
   Lair: D:8-11

Altars:
Ashenzari
Cheibriados
Dithmenos
Elyvilon
Fedhas
Gozag
Hepliaklqana
Kikubaaqudgha
Makhleb
Nemelex Xobeh
Okawaru
Qazlal
Ru
Sif Muna
Trog
Uskayaw
Vehumet
Wu Jian
Xom
Yredelemnul
Zin
The Shining One

Annotations:
D:6 Menkaure


Innate Abilities, Weirdness & Mutations

You are resistant to torment.
Your stone body is resilient. (AC +6)
You are immune to poison.
You resist negative energy. (rN+)
You are resistant to electric shocks. (rElec)
You can survive without breathing.
You are immune to petrification.
You are immune to miasma.


Message History

The white imp is moderately wounded.
You slash the two-headed ogre! You freeze the two-headed ogre.
The white imp hits you. The white imp freezes you.
The two-headed ogre barely misses you.
The two-headed ogre hits you with a +0 giant club!
* * * LOW HITPOINT WARNING * * *
The white imp hits you but does no damage.
You are too injured to fight recklessly!
You are too injured to fight recklessly!
You are too injured to fight recklessly!
The white imp gestures at you. The puff of frost hits you!
* * * LOW HITPOINT WARNING * * *
There is a stone staircase leading down here.
You feel yourself speed up.
The two-headed ogre hits you with a +0 giant club.
* * * LOW HITPOINT WARNING * * *
The two-headed ogre hits you with a +0 giant club!
You die...
Kikubaaqudgha rasps: "You have failed me!
Welcome... oblivion!"

.........#####
.............#
..........####
..........##
...........#
...........##
..........#.#
..........#.#
.........#@##
.........O##
..........#
........5.#
.......#..#
......##..##
.....# #...#
....# ##..#
.... #...#


You could see a two-headed ogre and a white imp.

Vanquished Creatures
  Maggie (D:6)
  An ice beast (D:7)
  A phantom (D:6)
  5 ogres
  2 sky beasts
  9 wights
  A howler monkey (D:4)
  4 hounds
  A quasit (D:7)
  Crazy Yiuf (D:2)
  A centaur skeleton (D:5)
  An orc priest (D:8)
  A gnoll shaman (D:6)
  2 orc wizards (D:7)
  2 bullfrog skeletons
  An iguana (D:5)
  2 worker ants
  Robin (D:2)
  5 gnolls
  A howler monkey skeleton (D:4)
  6 adders
  A shadow imp (D:7)
  A white imp (D:5)
  An ufetubus (D:6)
  2 adder skeletons (D:4)
  2 worms
  3 dart slugs
  4 leopard geckos
  11 orcs
  A ball python (D:5)
  8 giant cockroaches
  9 goblins
  6 hobgoblins
  4 jackals
  3 kobolds
  A quokka (D:3)
  6 bats
  2 frilled lizards
  9 rats
123 creatures vanquished.

Notes
Turn   | Place    | Note
-------+----------+-------------------------------------------
     0 | D:1      | raph the Gargoyle Earth Elementalist began the quest for
                  | the Orb.
     0 | D:1      | Reached XP level 1. HP: 10/10 MP: 3/3
   109 | D:1      | Reached skill level 4 in Earth Magic
   287 | D:1      | Reached XP level 2. HP: 15/15 MP: 3/5
   828 | D:2      | Found a runed translucent door.
   829 | D:2      | Noticed Crazy Yiuf
   834 | D:2      | Killed Crazy Yiuf
   835 | D:2      | Reached skill level 5 in Earth Magic
   835 | D:2      | Reached XP level 3. HP: 15/19 MP: 3/6
  1072 | D:2      | Noticed a sky beast
  1127 | D:2      | Learned a level 2 spell: Passwall
  1131 | D:2      | Learned a level 3 spell: Stone Arrow
  1169 | D:2      | Killed a sky beast
  1170 | D:2      | Reached skill level 6 in Earth Magic
  1170 | D:2      | Reached XP level 4. HP: 24/24 MP: 0/7
  1170 | D:2      | Reached XP level 5. HP: 28/28 MP: 0/8
  1304 | D:2      | Noticed Robin
  1311 | D:2      | Reached skill level 7 in Earth Magic
  1979 | D:2      | Killed Robin
  3059 | D:4      | Reached skill level 8 in Earth Magic
  3059 | D:4      | Reached XP level 6. HP: 32/32 MP: 0/9
  3671 | D:5      | Entered Level 5 of the Dungeon
  4143 | D:5      | Reached XP level 7. HP: 36/36 MP: 8/11
  4487 | D:5      | Learned a level 5 spell: Lee's Rapid Deconstruction
  4503 | D:6      | Found a glowing golden altar of the Shining One.
  4722 | D:6      | Reached skill level 9 in Earth Magic
  4969 | D:6      | Reached skill level 10 in Earth Magic
  5042 | D:6      | Reached XP level 8. HP: 36/41 MP: 4/12
  5072 | D:6      | Noticed Maggie
  5087 | D:6      | Killed Maggie
  5088 | D:6      | Reached skill level 11 in Earth Magic
  5092 | D:6      | Noticed Menkaure
  5629 | D:7      | Reached skill level 12 in Earth Magic
  5850 | D:7      | Found a staircase to the Ecumenical Temple.
  5859 | Temple   | Entered the Ecumenical Temple
  5970 | Temple   | Became a worshipper of Kikubaaqudgha
  6073 | D:7      | Reached skill level 1 in Axes
  6108 | D:7      | Reached skill level 1 in Fighting
  6108 | D:7      | Reached skill level 1 in Armour
  6317 | D:7      | Reached XP level 9. HP: 47/47 MP: 4/13
  6916 | D:7      | Found a shadowy altar of Dithmenos.
  7243 | D:8      | Reached * piety under Kikubaaqudgha
  7243 | D:8      | Identified Kikubaaqudgha's Incunabulum of Dark Secrets
                  | (Kikubaaqudgha gifted it to you on level 8 of the Dungeon)
  7243 | D:8      | Received a gift from Kikubaaqudgha
  7297 | D:8      | Learned a level 1 spell: Animate Skeleton
  7326 | D:8      | Noticed a two-headed ogre
  7338 | D:8      | HP: 2/48 [two-headed ogre/+0 giant club (3)]
  7338 | D:8      | Mangled by a two-headed ogre

Illustrated notes

Levels and vault maps discovered:
D:1:      lightli_iron_boxes, layout_basic, grunt_decor_mini_mirrors
D:2:      layout_basic, uniq_robin, uniq_crazy_yiuf_cottage
D:3:      layout_rooms
D:4:      layout_cave_pools, minmay_misc_feat_nine_boxes
D:5:      layout_cave_pools
D:6:      layout_basic, overflow_temple_1_default, serial_shops, shop,
          uniq_maggie, uniq_menkaure
D:7:      layout_loops_ring, minmay_temple_entry_glass, lemuel_statue_altar
D:8:      layout_layer_cave
Temple:   kilobyte_greek_temple

Skill      XL: |  1  2  3  4  5  6  7  8  9 |
---------------+----------------------------+-----
Earth Magic    | 4 5 6 8 10 12 | 12.6
Spellcasting   | 3 |  3.0
Axes           | 1 2 |  2.8
Fighting       | 1 2 |  2.2
Armour         | 1 2 |  2.1
Dodging        | 2 |  2.4
Stealth        | |  2.1
Transmutations | |  0.7

Action                   |  1- 3 |  4- 6 |  7- 9 || total
-------------------------+-------+-------+-------++-------
Melee: Mace              |       |    52 |     4 ||    56
       Battleaxe         |       |       |    93 ||    93
       Dire flail        |       |       |     8 ||     8
 Cast: Sandblast         |    33 |    55 |    47 ||   135
       Stone Arrow       |       |    11 |     5 ||    16
       Passwall          |       |     2 |     3 ||     5
       Lee's Rapid Decon |       |       |    12 ||    12
Evoke: Wand              |       |       |     3 ||     3
  Use: Scroll            |       |    18 |     1 ||    19
       Potion            |       |       |     2 ||     2
 Stab: Sleeping          |       |     1 |       ||     1
Armor: Robe              |     7 |    45 |    22 ||    74
       Swamp dragon scal |       |       |   102 ||   102
Dodge: Dodged            |    10 |    78 |   120 ||   208
